 Dungeon Crawl Stone Soup version 0.31-a0-229-g1fc7ce93e2 (webtiles) character file.

Game seed: 11211505098915307274

583 bmack86 the Cleaver (level 7, -1/57 HPs)
             Began as a Minotaur Fighter on July 7, 2023.
             Was an Initiate of Okawaru.
             Slain by a gnoll
             ... wielding a +2 spear of flaming
             ... led by a gnoll bouda
              (5 damage)
             ... on level 5 of the Dungeon.
             The game lasted 00:07:05 (3180 turns).

bmack86 the Cleaver (Minotaur Fighter)              Turns: 3180, Time: 00:07:06

Health: -1/57      AC: 11    Str: 23    XL:     7   Next: 14%
Magic:  6/6        EV:  5    Int:  5    God:    Okawaru [......]
Gold:   137        SH:  9    Dex: 15    Spells: 6/6 levels left

rFire   . . .        a - +0 war axe
rCold   . . .        i - +0 kite shield
rNeg    . . .        u - +0 plate armour
rPois   +            (helmet restricted)
rElec   .            (no cloak)
rCorr   .            (no gloves)
SInv    .            (no boots)
Will    .....        (no amulet) Stlth
                     s - ring of poison resistance
HPRegen 0.29/turn    c - +6 ring of dexterity
MPRegen 0.10/turn

%: no passive effects
@: no status effects
A: horns 2, retaliatory headbutt
a: Renounce Religion


You were on level 5 of the Dungeon.
You worshipped Okawaru.
Okawaru was noncommittal.
You visited 2 branches of the dungeon, and saw 6 of its levels.

You collected 137 gold pieces.

Inventory:

Hand Weapons
 a - a +0 war axe (weapon)
Missiles
 w - 3 poisoned darts
Armour
 i - a +0 kite shield (worn)
 u - a +0 plate armour (worn)
Jewellery
 c - a +6 ring of dexterity (right hand)
 s - a ring of poison resistance (left hand)
 v - a ring of ice
Wands
 b - a wand of flame (9)
Scrolls
 e - 2 scrolls of vulnerability
 h - a scroll of fog {unknown}
 k - a scroll of revelation {unknown}
 l - a scroll of summoning
 n - a scroll of immolation {unknown}
 q - a scroll of blinking {unknown}
 t - a scroll of teleportation {unknown}
Potions
 d - 2 potions of might
 f - a potion of berserk rage
 g - 4 potions of curing
 j - a potion of resistance
 m - a potion of mutation {unknown}
 o - a potion of ambrosia
 p - a potion of enlightenment {unknown}
 r - a potion of haste {unknown}
 x - a potion of attraction {unknown}


   Skills:
 - Level 3.6 Fighting
 + Level 9.5 Axes
 - Level 3.6 Armour
 - Level 3.6 Shields


You had 6 spell levels left.
You didn't know any spells.
Your spell library contained the following spells:

 Spells                   Type           Power      Damage    Failure   Level
 Lesser Beckoning         Tloc           0%         N/A       100%        2
 Sublimation of Blood     Necr           0%         N/A       100%        2
 Wereblood                Tmut           0%         N/A       100%        2
 Dazzling Flash           Conj/Hex       0%         N/A       100%        3
 Gell's Gravitas          Tloc           0%         N/A       100%        3
 Teleport Other           Tloc           0%         N/A       100%        3
 Agony                    Necr           0%         N/A       100%        5
 Silence                  Hex/Air        0%         N/A       100%        5
 Summon Hydra             Summ           Unusable   N/A       N/A         7

Dungeon Overview and Level Annotations

Branches:
Dungeon (5/15)             Temple (1/1) D:4

Altars:
Ashenzari
Cheibriados
Dithmenos
Elyvilon
Fedhas
Hepliaklqana
Makhleb
Nemelex Xobeh
Okawaru
Qazlal
Ru
Trog
Uskayaw
Vehumet
Xom
Yredelemnul
Zin
The Shining One

Shops:
D:4 :


Innate Abilities, Weirdness & Mutations

You have a pair of horns on your head.
You reflexively headbutt those who attack you in melee.


Message History

The orc priest mumbles some strange prayers to Beogh against you.
Pain shoots through your body!
An orc wizard comes into view. It is wielding a +0 dagger.
The gnoll throws a throwing net.
The throwing net hits you.
You become entangled in the net!
You struggle against the net.
The gnoll hits you from afar with a +2 spear of flaming.
The gnoll burns you.
* * * LOW HITPOINT WARNING * * *
You struggle against the net.
The orc wizard gestures wildly while chanting.
The orc wizard flickers and vanishes!
Deactivating autopickup; reactivate with Ctrl-A.
The orc priest casts a cantrip, but nothing happens.
The gnoll hits you but does no damage.
Unknown command.
You struggle against the net.
The orc hits you with a +0 hand axe.
* * * LOW HITPOINT WARNING * * *
The orc priest hits you but does no damage.
The gnoll hits you but does no damage.
Unknown command.
You rip the net and break free!
The orc priest hits you with a +0 mace!
* * * LOW HITPOINT WARNING * * *
The orc priest miscasts a cantrip.
You block the orc's attack.
The gnoll hits you from afar with a +2 spear of flaming.
* * * LOW HITPOINT WARNING * * *
The gnoll burns you.
* * * LOW HITPOINT WARNING * * *
You barely miss the orc priest. You hit the orc but do no damage.
The orc priest casts a cantrip, but nothing happens.
The orc priest looks braver for a moment.
You block the orc's attack. The gnoll hits you but does no damage.
Unknown command.
You slash the orc priest! You headbutt the orc priest.
You kill the orc priest!
Okawaru accepts your kill.
You hit the orc.
The gnoll hits you from afar with a +2 spear of flaming.
You die...

#######
##.....##
##...## #...#
##...## .
##.....## ...
##.......#
....#
###..####.....
#...g#)..##
#..## #ooo@###
### ######


You could see 2 orc priests, a gnoll and an orc.

Vanquished Creatures
  An ice beast (D:4)
  A scorpion (D:5)
  2 crimson imps (D:3)
  2 hounds
  4 orc priests
  A gnoll bouda (D:5)
  2 orc wizards (D:3)
  2 gnolls (D:5)
  2 adders (D:3)
  3 worms
  A dart slug (D:2)
  13 orcs
  5 ball pythons
  5 endoplasms
  A giant cockroach (D:2)
  7 goblins
  6 hobgoblins
  15 jackals
  2 kobolds (D:3)
  2 quokkas
  6 bats
  3 frilled lizards
  3 rats (D:1)
89 creatures vanquished.

Notes
Turn   | Place    | Note
-------+----------+-------------------------------------------
     0 | D:1      | bmack86 the Minotaur Fighter began the quest for the Orb.
     0 | D:1      | Reached XP level 1. HP: 19/19 MP: 0/0
    77 | D:1      | Reached skill level 3 in Axes
   105 | D:1      | Reached XP level 2. HP: 26/26 MP: 1/1
   368 | D:1      | Found a faded altar of an unknown god.
   393 | D:1      | Reached skill level 4 in Axes
   658 | D:2      | Reached XP level 3. HP: 31/31 MP: 2/2
   991 | D:2      | Reached skill level 5 in Axes
  1260 | D:3      | Identified the +3 dagger of Eternal Night {flame, Dex+3}
  1273 | D:3      | Found a burning altar of Makhleb.
  1359 | D:3      | Reached XP level 4. HP: 39/39 MP: 3/3
  1466 | D:3      | Reached skill level 6 in Axes
  1606 | D:3      | Reached XP level 5. HP: 33/45 MP: 4/4
  1764 | D:3      | Reached skill level 7 in Axes
  2006 | D:3      | Found a shimmering altar of Xom.
  2021 | D:3      | Reached XP level 6. HP: 51/51 MP: 5/5
  2232 | D:4      | Found Jeod's Book Shoppe.
  2398 | D:4      | Noticed an ice beast
  2404 | D:4      | Reached skill level 8 in Axes
  2408 | D:4      | Killed an ice beast
  2661 | D:4      | Found a staircase to the Ecumenical Temple.
  2674 | Temple   | Entered the Ecumenical Temple
  2758 | Temple   | Became a worshipper of Warmaster Okawaru
  2896 | D:5      | Entered Level 5 of the Dungeon
  2911 | D:5      | Reached skill level 9 in Axes
  2975 | D:5      | Reached XP level 7. HP: 57/57 MP: 6/6
  2990 | D:5      | Found a blossoming altar of Fedhas.
  2990 | D:5      | Found a sparkling altar of Nemelex Xobeh.
  3089 | D:5      | Found a stormy altar of Qazlal.
  3115 | D:5      | Found a sacrificial altar of Ru.
  3180 | D:5      | Slain by a gnoll

Illustrated notes

Levels and vault maps discovered:
D:1:      lemuel_arrival_river_bridge, layout_rooms,
          hellmonk_ecumenical_altar_pennies_from_heaven, serial_corexii_hall,
          corexii_hall_statues_u, corexii_hall_statues_deadend,
          grunt_decor_mini_mirrors, minmay_liquid_box
D:2:      layout_rooms, eino_tiny_chamber
D:3:      layout_basic, led_xom_imps, old_standard_altar, minmay_door_square,
          kennysheep_generic_room_13
D:4:      layout_rooms, temple_hall, serial_shops, shop_statue
D:5:      layout_layer_cave, jmf_multi_god_temple,
          mainiacjoe_overflow_two_lobes, hangedman_glass_teeth,
          minmay_misc_feat_rows, minmay_fountain_box
Temple:   nicolae_temple_x_marks_the_god

Skill      XL: |  1  2  3  4  5  6 |
---------------+-------------------+-----
Axes           | 3 4 5 6 7 9 |  9.5
Fighting       | |  3.6
Armour         | |  3.6
Shields        | |  3.6

Action                     |  1- 3 |  4- 6 |  7- 9 || total
---------------------------+-------+-------+-------++-------
  Melee: War axe           |    83 |    82 |    11 ||   176
         Headbutt          |     6 |     9 |     4 ||    19
    Use: Scroll            |     1 |     7 |       ||     8
 Armour: Scale mail        |    43 |     2 |       ||    45
         Chain mail        |       |    25 |       ||    25
         Plate armour      |       |    18 |     5 ||    23
  Dodge: Dodged            |    45 |    26 |     3 ||    74
  Block: Kite shield       |    32 |    31 |     6 ||    69
         Buckler           |     4 |       |       ||     4

Table legend: (Time is in decaauts)
 A = Elapsed time spent in this place.
 B = Non-inter-level travel time spent in this place.
 C = Inter-level travel time spent in this place.
 D = Time resting spent in this place.
 E = Time spent auto-exploring this place.
 F = Levels seen in this place.
 G = Mean time per level.
                   A        B        C        D        E       F      G
               +--------+--------+--------+--------+--------+-----+--------+
         Total |   3235 |   3147 |     88 |    132 |   1975 |   6 |  539.2 |
       Dungeon |   3144 |   3056 |     88 |    132 |   1915 |   5 |  628.8 |
        Temple |     91 |     91 |      0 |      0 |     60 |   1 |   91.0 |
               +--------+--------+--------+--------+--------+-----+--------+

Top non-repeatable levels by time:
     D:3: 972 daAuts
     D:4: 687 daAuts
     D:1: 661 daAuts
     D:2: 535 daAuts
     D:5: 288 daAuts
  Temple: 91 daAuts
